 Dungeon Crawl Stone Soup version 0.20.1-1-g8b1a95d66d (webtiles) character file.

931 Popi the Skirmisher (level 8, -11/64 HPs)
             Began as a Human Fighter on Dec 17, 2017.
             Splashed by Ijyb's acid (12 damage)
             ... on level 4 of the Dungeon.
             The game lasted 00:12:53 (5085 turns).

Popi the Skirmisher (Human Fighter)                 Turns: 5085, Time: 00:12:56

Health: -11/64     AC:  9    Str: 19    XL:     8   Next: 33%
Magic:  8/8        EV:  7    Int:  9    God:
Gold:   175        SH:  9    Dex: 12    Spells: 7/7 levels left

rFire    . . .     SeeInvis .   a - +0 long sword
rCold    + . .     Gourm    .   c - +0 shield
rNeg     . . .     Faith    .   t - +0 chain mail
rPois    +         Spirit   .   (no helmet)
rElec    .         Reflect  .   (no cloak)
rCorr    .         Harm     .   o - +2 pair of gloves
MR       .....                  e - +0 pair of boots
Stlth    ..........             q - amulet of inaccuracy (curse)
Regen    0.2/turn               l - ring of poison resistance
MPRegen  0.2/turn               r - ring of protection from cold

@: corroded
A: no striking features
a: no special abilities


You were on level 4 of the Dungeon.
You were very hungry.

You visited 1 branch of the dungeon, and saw 4 of its levels.

You collected 175 gold pieces.

Inventory:

Hand Weapons
 a - a +0 long sword (weapon)
 i - a +0 spear
Armour
 c - a +0 shield (worn)
 e - a +0 pair of boots (worn)
 o - a +2 pair of gloves (worn)
 t - a +0 chain mail (worn)
Jewellery
 j - an uncursed ring of positive energy
 l - a ring of poison resistance (left hand)
 q - a cursed amulet of inaccuracy (around neck)
 r - a ring of protection from cold (right hand)
Scrolls
 p - a scroll of identify
 s - a scroll of fear {unknown}
Potions
 d - a potion of might
 m - a potion of curing
Comestibles
 f - 3 bread rations
 g - 4 meat rations
 h - 5 fruits
 k - 3 royal jellies


   Skills:
 - Level 6.0 Fighting
 - Level 5.0 Long Blades
 + Level 3.7 Armour
 - Level 5.0 Dodging
 - Level 3.0 Shields


You had 7 spell levels left.
You didn't know any spells.

Dungeon Overview and Level Annotations

Branches:
Dungeon (4/15)
 Temple: D:4-7

Altars:
Ru

Annotations:
D:4 Ijyb


Message History

The acid burns!
* * * LOW HITPOINT WARNING * * *
Ijyb hits you but does no damage.
You hit Ijyb but do no damage.
Ijyb is severely wounded.
You block Ijyb's attack.
You hit Ijyb but do no damage.
Ijyb is severely wounded.
You block Ijyb's attack.
You closely miss Ijyb.
Ijyb is severely wounded.
You block Ijyb's attack.
You miss Ijyb.
Ijyb is severely wounded.
Ijyb hits you.
* * * LOW HITPOINT WARNING * * *
Ijyb zaps a wand.
The bolt of acid hits you!
* * * LOW HITPOINT WARNING * * *
The acid corrodes you!
You are splashed with acid!
The acid burns!
You die...

#..##### #.# #..# #.#
# #..# #.# # #..# #.#
# #..# #.# # #..#
#.###### #..#
#......#
#..################.#
#...@g..............#
##...................
##################..
##.# #... #)#. #...
####


You could see Ijyb.

Vanquished Creatures
  The ghost of Popi the Skirmisher, a novice HuFi (D:4)
  3 hounds (D:4)
  3 orc wizards
  An iguana (D:4)
  Terence (D:2)
  Jessica (D:2)
  Natasha (D:4)
  A worker ant (D:4)
  7 gnolls
  6 adders
  3 oozes
  A worm (D:2)
  2 dart slugs
  A leopard gecko (D:3)
  7 orcs
  9 bats
  7 giant cockroaches
  4 goblins
  7 hobgoblins
  2 jackals (D:1)
  4 kobolds
  A quokka (D:2)
  4 frilled lizards
  A leopard gecko skeleton (D:4)
  2 quokka skeletons (D:4)
  6 rats
86 creatures vanquished.

Notes
Turn   | Place    | Note
-------+----------+-------------------------------------------
     0 | D:1      | Popi the Human Fighter began the quest for the Orb.
     0 | D:1      | Reached XP level 1. HP: 18/18 MP: 1/1
    85 | D:1      | Reached XP level 2. HP: 11/24 MP: 2/2
   780 | D:1      | Reached XP level 3. HP: 29/29 MP: 3/3
  1060 | D:2      | Reached XP level 4. HP: 20/35 MP: 4/4
  1254 | D:2      | Noticed Jessica
  1256 | D:2      | You fall through a shaft for 2 floors!
  1261 | D:4      | Noticed Popi's ghost (novice HuFi)
  1623 | D:2      | Killed Jessica
  1623 | D:2      | Reached XP level 5. HP: 26/41 MP: 5/5
  1953 | D:2      | Found a faded altar of an unknown god.
  2044 | D:2      | Reached skill level 5 in Long Blades
  2047 | D:2      | Noticed Terence
  2071 | D:2      | Killed Terence
  2467 | D:2      | Reached skill level 4 in Fighting
  2634 | D:2      | Reached XP level 6. HP: 48/48 MP: 6/6
  2880 | D:3      | Found a sacrificial altar of Ru.
  3731 | D:4      | HP: 2/50 [worker ant (1)]
  3738 | D:4      | Reached skill level 5 in Fighting
  4105 | D:4      | Reached XP level 7. HP: 21/56 MP: 7/7
  4330 | D:4      | Reached skill level 6 in Fighting
  4702 | D:4      | Killed Popi's ghost
  4702 | D:4      | Reached skill level 5 in Dodging
  4702 | D:4      | Reached XP level 8. HP: 12/64 MP: 8/8
  5032 | D:4      | Noticed Natasha
  5049 | D:4      | Killed Natasha
  5074 | D:4      | Noticed Ijyb
  5085 | D:4      | HP: 1/64 [Ijyb/wand of acid (?/15) (12)]
  5085 | D:4      | Splashed by Ijyb's acid

Skill      XL: |  1  2  3  4  5  6  7 |
---------------+----------------------+-----
Long Blades    | 3 4 5 |  5.0
Fighting       | 4 5 6 |  6.0
Dodging        | 5 |  5.0
Armour         | |  3.7
Shields        | |  3.0

Action                   |  1- 3 |  4- 6 |  7- 9 || total
-------------------------+-------+-------+-------++-------
Melee: Long sword        |    70 |   324 |   122 ||   516
  Use: Potion            |       |     7 |     2 ||     9
       Scroll            |       |     4 |       ||     4
  Eat: Chunk             |       |    11 |     2 ||    13
Armor: Scale mail        |    37 |   186 |       ||   223
       Chain mail        |       |    46 |    78 ||   124
Dodge: Dodged            |    38 |   190 |    34 ||   262
Block: Shield            |       |       |    42 ||    42
       Rpst.: Long sword |     8 |    63 |     7 ||    78
